 Dungeon Crawl Stone Soup version 0.31-a0-819-gf6de2f5ab6 (webtiles) character file.

Game seed: 16457885045517093418

60 randomguy2701 the Fighter (level 4, -4/45 HPs)
             Began as a Gnoll Wanderer on Sept 24, 2023.
             Slain by a river rat (8 damage)
             ... in a sewer.
             The game lasted 00:02:32 (2045 turns).

randomguy2701 the Fighter (Gnoll Wanderer)          Turns: 2045, Time: 00:02:32

Health: -4/45      AC:  3    Str: 10    XL:     4   Next: 4%
Magic:  6/6        EV: 13    Int:  9    God:
Gold:   82         SH:  7    Dex: 17    Spells: 5/5 levels left

rFire   . . .        a - +0 dagger
rCold   . . .        f - +2 buckler
rNeg    . . .        e - +0 robe
rPois   .            (no helmet)
rElec   .            (no cloak)
rCorr   .            p - +0 pair of gloves
SInv    .            (no boots)
Will    .....        (no amulet)
Stlth   ++           (no ring)
HPRegen 0.27/turn    (no ring)
MPRegen 0.10/turn

%: no passive effects
@: no status effects
A: fangs 1, strong nose, distributed training
a: no special abilities


You were in a sewer.
You visited 1 branch of the dungeon, and saw 3 of its levels.
You also visited: Sewer.

You collected 82 gold pieces.

Inventory:

Hand Weapons
 a - a +0 dagger (weapon)
Armour
 e - a +0 robe (worn)
 f - a +2 buckler (worn)
 p - a +0 pair of gloves (worn)
Scrolls
 c - a scroll of fog
 h - a scroll of identify {unknown}
 i - a scroll of noise {unknown}
 k - a scroll of immolation {unknown}
 l - a scroll of vulnerability {unknown}
 o - a scroll of poison {unknown}
Potions
 d - 3 potions of attraction
 g - a potion of might {unknown}
 j - a potion of lignification {unknown}
 m - a potion of heal wounds {unknown}
 n - a potion of curing {unknown}


   Skills:
 + Level 8.5 Fighting
 + Level 1.0 Short Blades
 + Level 1.0 Long Blades
 + Level 1.0 Axes
 + Level 1.0 Maces & Flails
 + Level 1.0 Polearms
 + Level 1.0 Staves
 + Level 1.0 Ranged Weapons
 + Level 1.0 Throwing
 + Level 1.0 Armour
 + Level 4.6 Dodging
 + Level 2.5 Stealth
 + Level 4.6 Shields
 + Level 1.0 Unarmed Combat
 + Level 1.0 Spellcasting
 + Level 0.8 Conjurations
 + Level 0.8 Hexes
 + Level 0.8 Summonings
 + Level 0.8 Necromancy
 + Level 0.8 Translocations
 + Level 0.8 Transmutations
 + Level 0.8 Fire Magic
 + Level 0.8 Ice Magic
 + Level 0.8 Air Magic
 + Level 0.8 Earth Magic
 + Level 0.8 Poison Magic
 + Level 2.8 Invocations
 + Level 1.0 Evocations
 + Level 1.0 Shapeshifting


You had 5 spell levels left.
You didn't know any spells.
Your spell library contained the following spells:

 Spells                   Type           Power      Damage    Failure   Level
 Cigotuvi's Dreadful Rot  Necr/Pois/Air  2%         N/A       50%         2
 Dispel Undead            Necr           1%         3d6       98%         4
 Death Channel            Necr           0%         N/A       100%        6


Dungeon Overview and Level Annotations

Branches:
Dungeon (3/15)              Sewer (1/1)

Altars:

Shops:
D:1 *   D:3 *


Innate Abilities, Weirdness & Mutations

You have very sharp teeth.
Your uncanny sense of smell can sniff out nearby items.
Your experience applies equally to all skills.


Message History

You barely miss the river rat.
The river rat is heavily wounded.
The rat barely misses you. You block the river rat's attack.
You block the rat's attack. The rat bites you but does no damage.
Unknown command.
You barely miss the river rat.
The river rat is heavily wounded.
You block the rat's attack. The river rat completely misses you.
The rat barely misses you. You block the rat's attack.
Unknown command.
You hit the river rat but do no damage.
The river rat is heavily wounded.
The rat bites you. The river rat barely misses you.
The rat splashes around in the water.
The rat barely misses you.
Unknown command.
You hit the river rat.
The river rat is severely wounded.
The rat misses you. The river rat bites you.
* * * LOW HITPOINT WARNING * * *
The rat splashes around in the water. x2
You hit the river rat but do no damage.
The river rat is severely wounded.
You block the rat's attack. The river rat barely misses you.
The rat bites you but does no damage. The rat closely misses you.
Unknown command.
You hit the river rat but do no damage. Your bite misses the river rat.
The river rat is severely wounded.
The rat bites you but does no damage. The river rat bites you!
* * * LOW HITPOINT WARNING * * *
The rat misses you. The rat completely misses you.
Unknown command.
You hit the river rat.
The river rat is almost dead.
The rat bites you but does no damage. You block the river rat's attack.
You block the rat's attack. x2
Unknown command.
You hit the river rat but do no damage.
The river rat is almost dead.
The rat completely misses you. The river rat bites you!
You die...

####
#~.~##
..~~.~
.~~~##
#~.~#
#~r##
#~r@#
∆##rr#
∆∆#~~#
∆ #∩∩#
∆∆#~.#
∆ #~.#
.~~#
#~~##
.~.#


You could see a river rat and 3 rats.

Vanquished Creatures
  2 dart slugs
  2 ball pythons (D:1)
  4 endoplasms
  4 giant cockroaches
  8 goblins
  6 hobgoblins
  2 jackals (D:1)
  A quokka (D:1)
  7 bats
  7 frilled lizards
  3 kobolds
  4 rats
50 creatures vanquished.

Notes
Turn   | Place    | Note
-------+----------+-------------------------------------------
     0 | D:1      | randomguy2701 the Gnoll Wanderer began the quest for the
                  | Orb.
     0 | D:1      | randomguy2701 set off with the following items: a +0
                  | dagger, a scroll of teleportation, a scroll of fog, a
                  | potion of attraction, a +0 robe, a +2 buckler.
     0 | D:1      | Reached XP level 1. HP: 26/26 MP: 2/2
   293 | D:1      | Reached XP level 2. HP: 33/33 MP: 3/3
   295 | D:1      | Found a faded altar of an unknown god.
   570 | D:1      | Found Futz's Assorted Antiques.
   669 | D:1      | Reached XP level 3. HP: 38/38 MP: 4/4
  1400 | D:2      | Reached skill level 1 in Short Blades
  1400 | D:2      | Reached skill level 1 in Long Blades
  1400 | D:2      | Reached skill level 1 in Axes
  1400 | D:2      | Reached skill level 1 in Maces & Flails
  1400 | D:2      | Reached skill level 1 in Polearms
  1400 | D:2      | Reached skill level 1 in Staves
  1400 | D:2      | Reached skill level 1 in Ranged Weapons
  1400 | D:2      | Reached skill level 1 in Throwing
  1400 | D:2      | Reached skill level 1 in Armour
  1400 | D:2      | Reached skill level 1 in Unarmed Combat
  1400 | D:2      | Reached skill level 1 in Spellcasting
  1400 | D:2      | Reached skill level 1 in Evocations
  1837 | D:3      | Found Umiyn's General Store.
  1974 | D:3      | Reached XP level 4. HP: 41/45 MP: 6/6
  2013 | D:3      | Reached skill level 1 in Shapeshifting
  2017 | D:3      | Found a glowing drain.
  2022 | Sewer    | Entered a sewer
  2045 | Sewer    | Slain by a river rat

Illustrated notes

Levels and vault maps discovered:
D:1:      nzn_arrival_water_spiral, layout_basic,
          shapermc_ecumenical_altar_venn, serial_forest,
          infiniplex_forest_lined_room_2, infiniplex_forest_straight_2,
          infiniplex_forest_straight_2, infiniplex_forest_corner_1,
          infiniplex_forest_diagonal, infiniplex_forest_lined_4_way,
          infiniplex_forest_straight_2, serial_shops, nicolae_shop_tiny_glass,
          amethyst_killhole, chequers_serial_rivers_small_b,
          minmay_tree_intersection
D:2:      layout_basic
D:3:      layout_rooms, marbit_many_paths, elyvilon_altar_3, serial_shops,
          nicolae_shop_advertising_works [nicolae_subvault_shop_adworks],
          gup_sewer_entry_bowl
Sewer:    sewer_hellmonk_bad_rat

Skill      XL: |  1  2  3  4 |
---------------+-------------+-----
Short Blades   | 1 |  1.0
Long Blades    | 1 |  1.0
Axes           | 1 |  1.0
Maces & Flails | 1 |  1.0
Polearms       | 1 |  1.0
Staves         | 1 |  1.0
Ranged Weapons | 1 |  1.0
Throwing       | 1 |  1.0
Armour         | 1 |  1.0
Unarmed Combat | 1 |  1.0
Spellcasting   | 1 |  1.0
Evocations     | 1 |  1.0
Shapeshifting  | 1 |  1.0
Fighting       | |  8.5
Dodging        | |  4.6
Stealth        | |  2.5
Shields        | |  4.6
Conjurations   | |  0.8
Hexes          | |  0.8
Summonings     | |  0.8
Necromancy     | |  0.8
Translocations | |  0.8
Transmutations | |  0.8
Fire Magic     | |  0.8
Ice Magic      | |  0.8
Air Magic      | |  0.8
Earth Magic    | |  0.8
Poison Magic   | |  0.8
Invocations    | |  2.8

Action                     |  1- 3 |  4- 6 || total
---------------------------+-------+-------++-------
  Melee: Dagger            |   192 |    26 ||   218
         Bite              |    25 |     2 ||    27
    Use: Scroll            |     2 |       ||     2
   Stab: Sleeping          |     7 |       ||     7
 Armour: Robe              |   100 |    20 ||   120
  Dodge: Dodged            |   144 |    20 ||   164
  Block: Buckler           |    88 |    22 ||   110

Table legend: (Time is in decaauts)
 A = Elapsed time spent in this place.
 B = Non-inter-level travel time spent in this place.
 C = Inter-level travel time spent in this place.
 D = Time resting spent in this place.
 E = Time spent auto-exploring this place.
 F = Levels seen in this place.
 G = Mean time per level.
                   A        B        C        D        E       F      G
               +--------+--------+--------+--------+--------+-----+--------+
         Total |   2055 |   1948 |    107 |      0 |   1511 |   4 |  513.8 |
       Dungeon |   2030 |   1923 |    107 |      0 |   1511 |   3 |  676.7 |
         Sewer |     24 |     24 |      0 |      0 |      0 |   1 |   24.0 |
               +--------+--------+--------+--------+--------+-----+--------+

Top non-repeatable levels by time:
     D:1: 1135 daAuts
     D:2: 810 daAuts
     D:3: 84 daAuts
   Sewer: 24 daAuts
